 Dungeon Crawl Stone Soup version 0.19-a0-593-gf2cdb02 (webtiles) character file.

321353 pk666 the Slayer (level 20, -2/205 HPs)
             Began as a Minotaur Berserker on June 9, 2016.
             Was the Champion of Trog.
             Slain by a phantasmal warrior (4 damage)
             ... while paralysed by a giant eyeball
             ... on level 3 of the Vaults on June 10, 2016.
             The game lasted 03:47:35 (44912 turns).

pk666 the Slayer (Minotaur Berserker)              Turns: 44912, Time: 03:47:46

Health: -2/205     AC: 27    Str: 29    XL:     20   Next: 64%
Magic:  19/19      EV:  2    Int:  4    God:    Trog [******]
Gold:   3961       SH:  0    Dex: 17    Spells: 0 memorised, 19 levels left

rFire  . . .     SeeInvis .     s - +5 executioner's axe (venom)
rCold  . . .     Gourm    .     I - +4 scale mail
rNeg   . . .     Faith    .     (shield currently unavailable)
rPois  +         Spirit   .     (helmet restricted)
rElec  +         Dismiss  .     W - +1 cloak
rCorr  +         Reflect  .     t - +2 pair of gloves
SustAt .         Harm     .     k - +0 pair of boots of the Lute {rElec rPois rCorr}
MR     .....                    T - amulet of regeneration
Stlth  ..........               M - +4 ring of evasion
                                Y - +5 ring of dexterity

@: paralysed, exhausted, about to teleport, vulnerable, slowed, not resistant to
hostile enchantments, extremely unstealthy
A: retaliatory headbutt, horns 2, iridescent scales 1
a: Berserk, Trog's Hand, Brothers in Arms, Burn Spellbooks, Renounce Religion
}: 2/15 runes: decaying, gossamer


You were on level 3 of the Vaults.
You worshipped Trog.
Trog was exalted by your worship.
You were near starving.

You visited 6 branches of the dungeon, and saw 36 of its levels.
You visited the Abyss 1 time.
You also visited: Bailey and Ice Cave.

You collected 4467 gold pieces.
You spent 506 gold pieces at shops.

Inventory:

Hand Weapons
 a - a +1 executioner's axe of freezing
 s - a +5 executioner's axe of venom (weapon)
 G - a +6 antimagic battleaxe
 X - a +3 executioner's axe of chopping
Armour
 k - the +0 pair of boots of the Lute (worn) {rElec rPois rCorr}
   (You bought it in a shop on level 2 of the Orcish Mines)

   It insulates you from electricity.
   It protects you from poison.
   It protects you from acid and corrosion.
 t - a +2 pair of gloves (worn)
 I - a +4 scale mail (worn)
 W - a +1 cloak (worn)
Jewellery
 d - an uncursed ring of protection from magic
 f - an uncursed ring of protection from magic
 C - an uncursed ring of flight
 M - a +4 ring of evasion (right hand)
 T - an amulet of regeneration (around neck)
 Y - a +5 ring of dexterity (left hand)
Wands
 y - a wand of confusion (19/48)
 D - a wand of teleportation (2/9)
 R - a wand of digging (10/24)
 U - a wand of disintegration (3/24)
Scrolls
 e - 6 scrolls of magic mapping
 h - 4 scrolls of fog
 l - 4 scrolls of enchant armour
 m - 15 scrolls of remove curse
 o - 5 scrolls of identify
 u - 11 scrolls of enchant weapon
 w - 3 scrolls of teleportation
 x - 2 scrolls of recharging
 E - 7 scrolls of fear
 N - a scroll of holy word
 P - a scroll of silence
Potions
 b - a potion of resistance
 i - 4 potions of heal wounds
 j - 4 potions of berserk rage
 n - a potion of cancellation
 p - 4 potions of might
 r - 6 potions of lignification
 z - 6 potions of ambrosia
 A - 4 potions of agility
 B - 6 potions of brilliance
 F - 3 potions of invisibility
 H - 3 potions of flight
 L - 3 potions of haste
 O - 4 potions of cure mutation
 S - 16 potions of curing
Comestibles
 c - 21 bread rations
 g - 10 chunks of flesh
 q - 5 fruits
 v - 15 meat rations
 Q - 4 beef jerkies
 V - 5 royal jellies
 Z - 12 slices of pizza


   Skills:
 + Level 23.6 Fighting
 + Level 23.5 Axes
 + Level 17.8 Armour
 + Level 17.4 Dodging


You had 19 spell levels left.
You didn't know any spells.

Dungeon Overview and Level Annotations

Branches:
Dungeon (15/15)            Temple (0/1) D:4            Lair (8/8) D:10
  Swamp (4/4) Lair:4       Spider (4/4) Lair:4        Slime (0/6) Lair:6
    Orc (2/2) D:12            Elf (0/3) Orc:2        Vaults (3/5) D:13
  Crypt (0/3) Vaults:2     Depths (0/5) D:15

Altars:
Cheibriados
Fedhas
Gozag
Kikubaaqudgha
Makhleb
Pakellas
Qazlal
Yredelemnul
The Shining One
Beogh

Shops:
D:7 }   D:9 =   D:15 :   Orc:1 }   Orc:2 *}[[%

Portals:
Trove: D:13 (give +4 shadow dragon armour)


Innate Abilities, Weirdness & Mutations

You reflexively headbutt those who attack you in melee.
You have a pair of horns on your head.
You are partially covered in iridescent scales. (AC +4)


Message History

The vault warden hits you with a dire flail!
* * * LOW HITPOINT WARNING * * *
The storm dragon bites you but does no damage.
The storm dragon claws you but does no damage.
The storm dragon tramples you but does no damage.
The sphinx hits you but does no damage. x3; The phantasmal warrior hits you!
* * * LOW HITPOINT WARNING * * *
The storm dragon bites you!
* * * LOW HITPOINT WARNING * * *
The storm dragon claws you but does no damage.
The storm dragon tramples you.
* * * LOW HITPOINT WARNING * * *
You hold your ground!
Something unseen opens the large door.
The vault warden hits you but does no damage.
The sphinx hits you!
* * * LOW HITPOINT WARNING * * *
The sphinx hits you!
* * * LOW HITPOINT WARNING * * *
The sphinx hits you but does no damage. The phantasmal warrior hits you.
You die...

######### ######
############ ###
.....###....##....##..##
.#.#.##....##....##....#
.#.#.##...##..).##......##
####.##...#(.†)##).......##
#...##...+).)†W(Dc.# ....+
###.##...+.)..%@HG.##....+
#...##...#....##p..G....#
###.##...##....##......#
#.##.^..##....##....##
###.###....##....##).##
#...# ##....##....#''#
####.# ##....##..##.)##
.....# #....####....##
###### #....##......##


You could see a storm dragon, a sphinx, a vault warden, a yaktaur captain, an
eye of devastation, a phantasmal warrior and a giant eyeball.

Vanquished Creatures
  the Lernaean hydra (Swamp:4)
  Nikola (Vaults:1)
  Arachne (Spider:2)
  A titan (Vaults:3)
  Frances (D:13)
  3 sphinxes (Vaults:3)
  A tengu reaver (Vaults:3)
  A storm dragon (Vaults:3)
  A thorn hunter (Swamp:3)
  Donald (Swamp:1)
  5 vault wardens
  5 ghost moths (Spider:4)
  5 emperor scorpions
  4 deep elf sorcerers
  A frost giant (Vaults:3)
  The ghost of Kilingo the Blocker, a journeyman MiFi of the Shining One (Swamp:1)
  A ghoul (Vaults:2)
  9 ironheart preservers
  3 stone giants
  Azrael (D:12)
  A spark wasp (Spider:4)
  A white draconian (Vaults:3)
  2 ettins (Vaults:3)
  A deep elf death mage (Vaults:2)
  A crystal guardian (Vaults:2)
  3 fire dragons
  Josephine (D:10)
  2 entropy weavers
  Erolcha (D:9)
  4 great orbs of eyes
  3 yaktaur captains
  11 vault guards
  Harold (Lair:4)
  2 ice dragons
  22 hydras
  A catoblepas (D:14)
  6 centaur warriors
  3 death knights
  2 dancing weapons (D:13)
  12 alligators
  2 deep troll earth magi (D:13)
  4 tengu warriors
  17 death yaks
  2 orc high priests
  5 ogre magi
  Sonja (Orc:2)
  6 deep elf knights
  Nergalle (D:10)
  8 skeletal warriors
  3 unseen horrors
  2 shadow wraiths (Vaults:3)
  A fire crab (Lair:8)
  2 spriggan druids (Swamp:3)
  2 flayed ghosts
  5 deep trolls
  A sea snake (shapeshifter) (D:15)
  A shambling mangrove (Swamp:3)
  5 hill giants
  A giant orange brain (D:15)
  14 ironbrand convokers
  3 phantasmal warriors
  3 necromancers
  13 swamp dragons
  4 deep elf archers
  3 harpies (Vaults:3)
  A lindwurm (Lair:8)
  A mana viper (shapeshifter) (Vaults:3)
  13 orc knights
  21 ugly things
  2 wizards
  An orb spider (shapeshifter) (D:15)
  19 orb spiders
  2 orc sorcerers
  6 griffons
  38 wolf spiders
  15 hornets
  10 deep elf magi
  A moth of wrath (Spider:4)
  11 cyclopes
  2 manticores
  A salamander (shapeshifter) (D:15)
  A guardian serpent (Lair:8)
  12 vault sentinels
  9 black mambas
  An octopode (shapeshifter) (Vaults:2)
  9 elephants
  3 ice statues (IceCv)
  7 torpor snails
  A stone giant skeleton (Vaults:2)
  3 gargoyles
  A torpor snail (shapeshifter) (Vaults:3)
  29 spiny frogs
  6 freezing wraiths
  2 efreet
  15 demonic crawlers
  A komodo dragon (shapeshifter) (Vaults:2)
  10 yaktaurs
  4 rime drakes
  3 komodo dragons
  A guardian mummy (D:13)
  3 tengu conjurers
  15 trolls
  38 jumping spiders
  A polar bear (shapeshifter) (D:12)
  14 two-headed ogres
  12 giant leeches
  17 blink frogs
  39 slime creatures
  4 raiju (Abyss:4)
  9 bog bodies
  An ettin zombie (Vaults:2)
  A snapping turtle (shapeshifter) (Vaults:1)
  A boulder beetle (shapeshifter) (D:15)
  4 boulder beetles
  2 vampires (D:14)
  21 tarantellas
  A flying skull (Vaults:2)
  3 spriggans (Swamp:2)
  71 yaks
  9 wyverns
  60 redbacks
  10 wraiths
  16 hippogriffs
  A human (D:9)
  2 basilisks
  2 fire elementals (D:12)
  A hog (D:9)
  25 vampire mosquitoes
  5 hungry ghosts
  18 insubstantial wisps
  4 wargs
  2 mottled dragons
  A naga (shapeshifter) (Vaults:1)
  A soldier ant (D:13)
  15 swamp worms
  The ghost of trelanon the Ruffian, an amateur VSCK of Xom (D:3)
  6 porcupines
  29 water moccasins
  4 hell hounds (D:12)
  4 sky beasts
  3 black bears
  2 ice beasts (shapeshifter)
  12 ice beasts
  18 wasps
  51 orc warriors
  2 phantoms
  14 swamp drakes
  A necrophage (D:10)
  13 wolves
  5 boggarts (D:14)
  18 centaurs
  A wolf (shapeshifter) (D:14)
  37 ogres
  17 crocodiles
  A big kobold (D:11)
  3 human zombies (Vaults:2)
  A gnoll sergeant (D:8)
  23 giant frogs
  A wyvern zombie (D:11)
  2 glowing shapeshifter simulacra (Vaults:1)
  2 wyvern skeletons (D:11)
  2 human simulacra
  4 scorpions
  10 wights
  8 killer bees
  5 electric eels
  A howler monkey (D:4)
  5 centaur zombies
  9 crimson imps
  A quasit (D:13)
  3 giant frog zombies
  4 jellies
  6 hounds
  2 giant frog skeletons
  21 orc priests
  9 iguanas
  23 orc wizards
  15 worker ants
  16 sheep
  A hound skeleton (D:4)
  A worker ant zombie (D:9)
  7 gnolls
  13 adders
  77 river rats
  7 shadow imps
  An adder skeleton (D:5)
  An adder zombie (D:7)
  20 worms
  2 dart slugs
  A giant gecko (D:6)
  109 orcs
  2 ball pythons
  8 bats
  2 bat zombies (D:7)
  5 giant cockroaches
  5 goblins
  5 hobgoblins
  2 jackals (D:2)
  4 quokkas
  7 giant newts
  14 kobolds
  A rat (D:3)
  A rat zombie (D:7)
  10 fungi
  17 plants
1665 creatures vanquished.

Vanquished Creatures (others)
  A tengu conjurer (D:13)
  A redback (Spider:4)
  A wasp (Swamp:3)
  19 fungi
  27 plants
49 creatures vanquished.

Grand Total: 1714 creatures vanquished

Notes
Turn   | Place    | Note
--------------------------------------------------------------
     0 | D:1      | pk666 the Minotaur Berserker began the quest for the Orb.
     0 | D:1      | Reached XP level 1. HP: 19/19 MP: 0/0
   254 | D:1      | Reached XP level 2. HP: 20/27 MP: 1/1
   565 | D:1      | Reached ** piety under Trog
   875 | D:2      | Reached XP level 3. HP: 25/34 MP: 2/2
  1042 | D:2      | Reached XP level 4. HP: 40/41 MP: 3/3
  1061 | D:2      | Found a faded altar of an unknown god.
  1066 | D:2      | Reached skill level 5 in Axes
  1091 | D:2      | Reached skill level 5 in Fighting
  1438 | D:3      | Noticed trelanon's ghost (amateur VSCK)
  1451 | D:3      | Killed trelanon's ghost
  1451 | D:3      | Reached XP level 5. HP: 40/50 MP: 4/4
  1527 | D:3      | Found an opulent altar of Gozag.
  2166 | D:4      | Reached *** piety under Trog
  2185 | D:4      | Reached XP level 6. HP: 35/58 MP: 5/5
  2346 | D:4      | Found a staircase to the Ecumenical Temple.
  2548 | D:4      | Reached XP level 7. HP: 59/66 MP: 6/6
  2582 | D:4      | Found an oddly glowing altar of Pakellas.
  2582 | D:4      | Noticed a rakshasa
  2729 | D:4      | Found a burning altar of Makhleb.
  2976 | D:5      | Entered Level 5 of the Dungeon
  3175 | D:5      | Found an oddly glowing altar of Pakellas.
  3584 | D:5      | Reached **** piety under Trog
  4364 | D:6      | Reached XP level 8. HP: 75/75 MP: 7/7
  5007 | D:6      | Found a glowing golden altar of the Shining One.
  5269 | D:7      | Found Utsoig's Gadget Boutique.
  5322 | D:7      | Found an ancient bone altar of Kikubaaqudgha.
  5365 | D:7      | Found a flagged portal.
  5377 | Bailey   | Entered a bailey
  5729 | Bailey   | Reached skill level 10 in Fighting
  5798 | Bailey   | Noticed an orc knight
  5809 | Bailey   | Killed an orc knight
  5809 | Bailey   | Reached skill level 10 in Axes
  5809 | Bailey   | Reached skill level 5 in Armour
  5809 | Bailey   | Reached XP level 9. HP: 37/86 MP: 8/8
  5826 | Bailey   | Got a slimy bardiche
  6521 | Bailey   | Received a gift from Trog
  7516 | D:8      | Reached XP level 10. HP: 81/96 MP: 9/9
  7636 | D:8      | Reached ***** piety under Trog
  8540 | D:9      | Found Ugasucre's Jewellery Emporium.
  8582 | D:9      | Found a blossoming altar of Fedhas.
  8586 | D:9      | Found a snail-covered altar of Cheibriados.
  8591 | D:9      | Found a basalt altar of Yredelemnul.
  8954 | D:9      | Noticed Erolcha
  8961 | D:9      | Killed Erolcha
  8961 | D:9      | Reached skill level 10 in Armour
  8961 | D:9      | Reached XP level 11. HP: 106/106 MP: 10/10
  9162 | D:9      | Received a gift from Trog
  9331 | D:10     | Entered Level 10 of the Dungeon
  9331 | D:10     | Noticed Josephine
  9420 | D:10     | Killed Josephine
  9472 | D:10     | Killed an unseen horror
  9650 | D:10     | Got an ebony battleaxe
  9742 | D:10     | Found a staircase to the Lair.
  9763 | D:10     | Found a glowing golden altar of the Shining One.
  9794 | D:10     | Noticed Nergalle
  9808 | D:10     | Killed Nergalle
  9984 | Lair:1   | Entered Level 1 of the Lair of Beasts
 11260 | Lair:2   | Noticed a death yak
 11261 | Lair:2   | Noticed a death yak
 11261 | Lair:2   | Noticed a death yak
 11261 | Lair:2   | Noticed a death yak
 11262 | Lair:2   | Noticed a death yak
 11274 | Lair:2   | Killed a death yak
 11274 | Lair:2   | Reached XP level 12. HP: 39/117 MP: 11/11
 11276 | Lair:2   | Killed a death yak
 11278 | Lair:2   | Killed a death yak
 11278 | Lair:2   | Killed a death yak
 11281 | Lair:2   | Killed a death yak
 11768 | Lair:2   | Found a stormy altar of Qazlal.
 12628 | Lair:3   | Reached ****** piety under Trog
 12628 | Lair:3   | Received a gift from Trog
 12708 | Lair:3   | Reached skill level 15 in Axes
 12977 | Lair:3   | Reached skill level 15 in Fighting
 14050 | Lair:3   | Reached XP level 13. HP: 128/128 MP: 12/12
 14058 | Lair:4   | Found a staircase to the Swamp.
 14171 | Lair:4   | Noticed Harold
 14176 | Lair:4   | Killed Harold
 14230 | Lair:4   | Received a gift from Trog
 14254 | Lair:4   | Reached XP level 14. HP: 137/137 MP: 13/13
 14401 | Lair:4   | Found a hole to the Spider Nest.
 15523 | Lair:5   | Reached skill level 15 in Armour
 16691 | Lair:6   | Received a gift from Trog
 17021 | Lair:6   | Found a staircase to the Slime Pits.
 18060 | Lair:7   | Received a gift from Trog
 18604 | Lair:8   | Entered Level 8 of the Lair of Beasts
 18877 | Lair:8   | Reached XP level 15. HP: 148/148 MP: 14/14
 19465 | Lair:8   | Reached skill level 5 in Dodging
 19474 | Lair:8   | Received a gift from Trog
 20259 | Lair:8   | Found a runed door.
 21020 | D:11     | Received a gift from Trog
 21771 | D:12     | Noticed Azrael
 21778 | D:12     | Killed Azrael
 22080 | D:12     | Found a staircase to the Orcish Mines.
 22288 | Orc:1    | Entered Level 1 of the Orcish Mines
 22360 | Orc:2    | Entered Level 2 of the Orcish Mines
 22361 | Orc:2    | Noticed Sonja
 22370 | Orc:2    | Killed Sonja
 22381 | Orc:2    | Received a gift from Trog
 22635 | Orc:2    | Found Gunenoat's General Store.
 22724 | Orc:2    | Bought a scroll of teleportation for 54 gold pieces
 22750 | Orc:2    | Found Ysufur's Gadget Boutique.
 22768 | Orc:1    | Paralysed by an orc sorcerer for 7 turns
 22775 | Orc:1    | HP: 10/225 [orange demon[an orc high priest] (4)]
 22775 | Orc:1    | HP: 3/225 [hellwing[an orc high priest] (4)]
 23572 | Orc:2    | Found Zyffith's Armour Shop.
 23573 | Orc:2    | Found Siyromer's Armour Boutique.
 23826 | Orc:2    | Received a gift from Trog
 23830 | Orc:2    | Found Ifyacuz's Food Shoppe.
 23833 | Orc:2    | Found a staircase to the Elven Halls.
 23849 | Orc:2    | Bought the +0 pair of boots of the Lute {rElec rPois rCorr} for 452 gold pieces
 24287 | Orc:1    | Found a roughly hewn altar of Beogh.
 24295 | Orc:1    | Paralysed by an orc sorcerer for 7 turns
 24303 | Orc:1    | Received a gift from Trog
 24305 | Orc:1    | Reached XP level 16. HP: 122/159 MP: 15/15
 24826 | Orc:1    | Found Tylinem's Gadget Emporium.
 25208 | D:13     | Noticed Frances
 25219 | D:13     | Killed Frances
 25283 | D:13     | Found a frozen archway.
 25374 | IceCv    | Entered an ice cave
 26194 | IceCv    | Got a crystal spear
 26206 | IceCv    | Got a scorched hunting sling
 26312 | D:13     | Reached skill level 10 in Dodging
 26325 | D:13     | Noticed a tengu reaver
 26523 | D:13     | Got a translucent amber ring
 26548 | D:13     | Identified the cursed ring "Qayqy" {rF+ MR- EV-2 Str+7} (You took it off a deep elf mage on level 13 of the Dungeon)
 26799 | D:13     | Found a gate to the Vaults.
 26809 | D:13     | Received a gift from Trog
 26854 | D:13     | Found a portal to a secret trove of treasure.
 28193 | D:15     | Entered Level 15 of the Dungeon
 28193 | D:15     | Found Ikiymn's Book Boutique.
 28298 | D:15     | Received a gift from Trog
 29113 | D:15     | Found a basalt altar of Yredelemnul.
 29206 | D:15     | Found a staircase to the Depths.
 29597 | D:15     | Upgraded the game from 0.19-a0-585-ge40200b to 0.19-a0-593-gf2cdb02
 29802 | Spider:1 | Entered Level 1 of the Spider Nest
 30276 | Spider:1 | Received a gift from Trog
 30276 | Spider:1 | Reached XP level 17. HP: 145/170 MP: 16/16
 30873 | Spider:2 | Noticed Arachne
 30886 | Spider:2 | Killed Arachne
 31926 | Spider:3 | Received a gift from Trog
 32950 | Spider:4 | Entered Level 4 of the Spider Nest
 33950 | Spider:4 | Received a gift from Trog
 35537 | Spider:4 | Reached XP level 18. HP: 182/182 MP: 0/17
 35900 | Spider:4 | Got a gossamer rune of Zot
 36050 | Swamp:1  | Entered Level 1 of the Swamp
 36147 | Swamp:1  | Noticed Kilingo's ghost (journeyman MiFi)
 36168 | Swamp:1  | Killed Kilingo's ghost
 36253 | Swamp:1  | Noticed Donald
 36260 | Swamp:1  | Killed Donald
 36324 | Swamp:1  | Received a gift from Trog
 37598 | Swamp:2  | You fall through a shaft!
 38985 | Swamp:4  | Entered Level 4 of the Swamp
 39344 | Swamp:4  | Reached skill level 15 in Dodging
 39370 | Swamp:4  | Noticed the 27-headed Lernaean hydra
 39378 | Swamp:4  | Killed the 26-headed Lernaean hydra
 39504 | Swamp:4  | Received a gift from Trog
 39923 | Swamp:4  | Got a decaying rune of Zot
 40531 | Vaults:1 | Entered Level 1 of the Vaults
 40847 | Vaults:1 | Noticed Nikola
 40985 | Vaults:1 | Killed Nikola
 40985 | Vaults:1 | Reached XP level 19. HP: 193/193 MP: 18/18
 41323 | Vaults:1 | Received a gift from Trog
 43394 | Vaults:2 | Found a staircase to the Crypt.
 43608 | Vaults:2 | Received a gift from Trog
 43888 | Vaults:3 | Reached XP level 20. HP: 203/203 MP: 19/19
 43973 | Vaults:3 | Cast into level 4 of the Abyss (a deep elf sorcerer)
 43976 | Abyss:4  | Found a corrupted altar of Lugonu.
 44004 | Vaults:3 | Escaped the Abyss
 44102 | Vaults:3 | Received a gift from Trog
 44122 | Vaults:3 | Gained mutation: You are partially covered in iridescent scales. (AC +4) [potion of beneficial mutation]
 44866 | Vaults:3 | Received a gift from Trog
 44911 | Vaults:3 | Paralysed by a giant eyeball for 3 turns
 44912 | Vaults:3 | HP: 10/205 [sphinx (8)]
 44912 | Vaults:3 | HP: 2/205 [sphinx (8)]
 44912 | Vaults:3 | Slain by a phantasmal warrior

Vault maps used:
D:1:      mrwooster_arrival_statue, moated_statue, lemuel_flame_loot_1
D:2:      ecumenical_altar_2
D:3:      nicolae_overflow_crystal_walls
D:4:      gammafunk_pakellas_cloud_experiment, minmay_temple_entry_from_below_a,
          makhleb_blood_cavern_becter
D:5:      first_bread, basic_altar
D:6:      lemuel_coloured_pillars_altar
D:7:      lemuel_zombie_altar_kikubaaqudgha, serial_shops, nicolae_shop_crystal,
          enter_bailey_1
D:9:      minmay_overflow_temple_star_quad, serial_shops, kennysheep_mini,
          grunt_livestock, uniq_erolcha
D:10:     lair_0_dummy, basic_altar, uniq_nergalle, uniq_josephine
D:12:     erik_orc_1, uniq_azrael
D:13:     minmay_expanding_circles, erik_vaults_1,
          nicolae_trove_entry_path_of_doom, portal_ice_cave_rime, uniq_frances
D:14:     minivault_5
D:15:     gammafunk_enter_depths_forms, serial_shops, shop,
          yredelemnul_altar_generic
Lair:1:   grunt_forest_stairs_basic
Lair:2:   basic_altar
Lair:4:   minmay_swamp_entry_wisps, nicolae_spider_entry_orb_guardian,
          uniq_harold
Lair:6:   minmay_slime_entry_pillars
Lair:7:   minivault_24, lemuel_fruit_tree
Lair:8:   hangedman_lair_tendril_chambers, wormcave, st_stairs_5,
          nicolae_lair_grove_arrangements, serial_bayou_ford_a
Swamp:1:  hangedman_swamp_blocks, uniq_donald
Swamp:2:  hangedman_swamp_ruin_wall, swamp_pool2, infiniplex_staircase_pool_2
Swamp:3:  nicolae_swamp_feature_on_the_river_bank, ldierk_geyser, swamp_pool1,
          water_boxes_lemuel, infiniplex_staircase_pool
Swamp:4:  swamp_old_school
Spider:1: guppyfry_wasp_nest
Spider:2: nicolae_spider_webbed_stairs, uniq_arachne
Spider:3: guppyfry_spider_mini_1
Spider:4: spider_rune_water
Orc:1:    serial_shops, shop, nicolae_orc_lost_temple
Orc:2:    st_orc_open, serial_shops, shop, uniq_sonja
Vaults:1: nicolae_vaults_ring_of_whatevers, hangedman_vaults_restitches,
          vaults_standard_mumra_enter_the_diamond, nicolae_vaults_what_the_h,
          vaults_mumra_hexcomb, nicolae_vaults_asterisk, vaults_room_hallway,
          vaults_room_hallway, serial_ice_b, uniq_nikola
Vaults:2: v_misc_14, nicolae_vaults_network_quinsquares,
          minmay_crypt_entry_simple_sparse, hangedman_vaults_nails,
          hangedman_vaults_trim, vaults_room_stairs_pillars,
          hangedman_vaults_slice, vaults_mumra_minichess_inversion,
          vaults_dpeg_cross, vaults_room_corners
Vaults:3: v_alt_pattern_1, st_greater_box_3, ontoclasm_vaults_eye,
          hangedman_vaults_cutoff, hangedman_vaults_slice,
          nicolae_vaults_network_star, nicolae_vaults_little_squares_6,
          nicolae_vaults_network_square, vaults_room_door_hall,
          ontoclasm_vaults_ring_large, v_misc_14
Abyss:4:  nicolae_abyss_rune_left_handed
Bailey:   bailey_polearm_2, bailey
IceCv:    ice_cave_statue_garden_chambered

Skill      XL: |  1  2  3  4  5  6  7  8  9 10 11 12 13 14 15 16 17 18 19 20 |
---------------+-------------------------------------------------------------+-----
Axes           | 4 5 6 7 8 10 11 12 14 15 16 17 18 19 21 22 23 | 23.5
Fighting       | 4 5 6 7 8 10 11 12 14 15 16 17 18 20 21 22 23 | 23.6
Armour         | 5 7 10 11 13 14 16 17 | 17.8
Dodging        | 3 9 12 13 15 16 17 | 17.4

Action                   |  1- 3 |  4- 6 |  7- 9 | 10-12 | 13-15 | 16-18 | 19-21 || total
-------------------------+-------+-------+-------+-------+-------+-------+-------++-------
Melee: Hand axe          |    76 |   151 |   195 |       |       |       |       ||   422
       Headbutt          |    13 |    25 |    58 |    99 |   228 |   330 |   196 ||   949
       Executioner's axe |       |       |    85 |   380 |   818 |  1186 |   623 ||  3092
Invok: Berserk           |       |     1 |     1 |     5 |    16 |    14 |     5 ||    42
       Burn Spellbooks   |       |       |     1 |     2 |     1 |     9 |     1 ||    14
       Trog's Hand       |       |       |       |       |       |     1 |     3 ||     4
       Brothers in Arms  |       |       |       |       |       |     1 |       ||     1
 Abil: Evoke Flight      |       |       |     2 |       |       |       |       ||     2
Evoke: Wand              |       |       |       |       |       |    10 |       ||    10
  Use: Scroll            |       |       |     4 |    17 |     6 |     9 |     6 ||    42
       Potion            |       |       |       |     1 |     3 |     3 |     2 ||     9
 Stab: Confused          |       |       |       |       |     1 |     1 |       ||     2
  Eat: Chunk             |       |     6 |    14 |    30 |    45 |    49 |    20 ||   164
       Fruit             |       |       |     2 |     2 |     2 |    12 |       ||    18
       Pizza             |       |       |     1 |     1 |       |     2 |       ||     4
       Beef jerky        |       |       |       |       |     1 |     5 |       ||     6
Armor: Ring mail         |    19 |    59 |    26 |       |       |       |       ||   104
       Chain mail        |       |       |   116 |   193 |   103 |       |       ||   412
       Scale mail        |       |       |       |       |   311 |   580 |   172 ||  1063
Dodge: Dodged            |    44 |    67 |   150 |   306 |   802 |  1622 |   591 ||  3582
